 Dungeon Crawl Stone Soup version 0.25.1-2-g60ff931df9 (webtiles) character file.

Game seed: 7494112751080386221

317 Curus the Cudgeler (level 6, -6/45 HPs)
             Began as a Hill Orc Monk on Nov 3, 2020.
             Was a Believer of Trog.
             Killed by divine providence
             ... invoked by an orc priest
              (12 damage)
             ... on level 4 of the Dungeon.
             The game lasted 00:13:19 (3371 turns).

Curus the Cudgeler (Hill Orc Monk)                  Turns: 3371, Time: 00:13:21

Health: -6/45      AC: 12    Str: 16    XL:     6   Next: 45%
Magic:  6/6        EV:  4    Int: 10    God:    Trog [**....]
Gold:   212        SH:  7    Dex: 15    Spells: 5/5 levels left

rFire    . . .     SeeInvis .   a - +1 mace
rCold    . . .     Gourm    .   k - +0 kite shield
rNeg     . . .     Faith    .   g - +3 chain mail
rPois    .         Spirit   .   (helmet restricted)
rElec    .         Reflect  .   (no cloak)
rCorr    .         Harm     .   m - +0 pair of gloves (curse)
MR       ++...                  (no boots)
Stlth    ..........             l - amulet of magic regeneration
HPRegen  1.00/turn              (no ring)
MPRegen  0.35/turn              (no ring)

@: regenerating
A: horns 1, frail 1, inhibited regeneration, strong 1
a: Berserk, Trog's Hand, Renounce Religion, Convert to Beogh


You were on level 4 of the Dungeon.
You worshipped Trog.
Trog was pleased with you.
You were very hungry.

You visited 1 branch of the dungeon, and saw 4 of its levels.

You collected 212 gold pieces.

Inventory:

Hand Weapons
 a - a +1 mace (weapon)
Armour
 b - a +0 robe
 d - a +0 scale mail
 g - a +3 chain mail (worn)
 k - a +0 kite shield (worn)
 m - a cursed +0 pair of gloves (worn)
Jewellery
 l - an amulet of magic regeneration (around neck)
Scrolls
 e - 5 scrolls of teleportation
 f - a scroll of identify
Potions
 h - 4 potions of curing
 i - a potion of stabbing
 j - a potion of resistance
Comestibles
 c - 7 rations


   Skills:
 - Level 3.6 Fighting
 + Level 7.7 Maces & Flails
 - Level 2.4 Dodging
 - Level 1.5 Stealth


You had 5 spell levels left.
You didn't know any spells.
Your spell library was empty.

Dungeon Overview and Level Annotations

Branches:
Dungeon (4/15)             Temple (0/1) D:4

Altars:
Nemelex Xobeh
Trog
Zin


Innate Abilities, Weirdness & Mutations

You have a pair of small horns on your head.
You are frail. (-10% HP)
You do not regenerate when monsters are visible.
Your muscles are strong. (Str +2)


Message History

Okay, then.
Unknown command.
Your skin crawls.
You feel resistant to hostile enchantments.
You are feeling very hungry.
The orc hits you but does no damage.
You closely miss the orc. Your headbutt misses the orc.
The orc completely misses you.
Your chain mail prevents you from hitting the orc.
The orc hits you but does no damage.
The orc priest looks satisfied for a moment.
The orc hits you.
* * * LOW HITPOINT WARNING * * *
Your shield and chain mail prevent you from hitting the orc.
The orc priest shouts, "Join the one true god or die!"
You headbutt the orc.
The orc is moderately wounded.
The orc priest calls down the wrath of Beogh upon you.
Beogh smites you!
You die...

#######..###..#.....##
#..<##..###..#.......
#...#........#.......
#...##.......#.......
#...##.......#.......
#...........('.......
#...#######'##.......
#...##..#.......#'##.
#...@oo.#.......#..#.
#######o.#.......#..#.
#.....####.......#+##.
#................#..##
#................+....
#...........⌠.⌠..#....
##'###......._...#....
#...#......⌠.⌠..#####
#...###'####.##.....#


You could see 2 orc priests and an orc.

Vanquished Creatures
  Duvessa (D:4)
  Dowan (D:4)
  An orc wizard (D:3)
  3 gnolls (D:2)
  4 adders
  2 oozes
  2 worms
  2 dart slugs
  2 leopard geckos (D:2)
  5 orcs
  A ball python (D:3)
  2 goblins
  6 hobgoblins
  A quokka (D:2)
  5 bats
  3 frilled lizards
  6 kobolds
  A leopard gecko skeleton (D:4)
  3 rats (D:3)
51 creatures vanquished.

Notes
Turn   | Place    | Note
-------+----------+-------------------------------------------
     0 | D:1      | Curus the Hill Orc Monk began the quest for the Orb.
     0 | D:1      | Reached XP level 1. HP: 19/19 MP: 1/1
    70 | D:1      | Gained mutation: You do not regenerate when monsters are
                  | visible. [potion of mutation]
    70 | D:1      | Gained mutation: You are frail. (-10% HP) [potion of
                  | mutation]
    70 | D:1      | Gained mutation: You have a pair of small horns on your
                  | head. [potion of mutation]
    70 | D:1      | Gained mutation: Your muscles are strong. (Str +2) [potion
                  | of mutation]
   314 | D:1      | Reached XP level 2. HP: 23/23 MP: 2/2
   337 | D:1      | Reached skill level 4 in Maces & Flails
   589 | D:2      | Reached XP level 3. HP: 22/27 MP: 3/3
  1365 | D:2      | Reached skill level 5 in Maces & Flails
  1609 | D:2      | Reached XP level 4. HP: 35/35 MP: 4/4
  2149 | D:3      | Found a bloodstained altar of Trog.
  2150 | D:3      | Found a glowing silver altar of Zin.
  2156 | D:3      | Became a worshipper of Trog the Wrathful
  2156 | D:3      | Reached * piety under Trog
  2156 | D:3      | Reached ** piety under Trog
  2477 | D:3      | Reached skill level 6 in Maces & Flails
  2500 | D:3      | Reached XP level 5. HP: 40/40 MP: 5/5
  2725 | D:4      | Found a staircase to the Ecumenical Temple.
  2790 | D:4      | Noticed Duvessa
  2801 | D:4      | Killed Duvessa
  2801 | D:4      | Reached skill level 7 in Maces & Flails
  2801 | D:4      | Reached XP level 6. HP: 40/45 MP: 6/6
  2813 | D:4      | Noticed Dowan
  2842 | D:4      | Killed Dowan
  3316 | D:4      | Found a sparkling altar of Nemelex Xobeh.
  3371 | D:4      | Killed from afar by an orc priest

Illustrated notes

Levels and vault maps discovered:
D:1:      mrwooster_arrival_statue_3, layout_basic
D:2:      layout_loops_ring
D:3:      layout_basic, gammafunk_temple_overflow_pools
D:4:      layout_gridville, nemelex_xobeh_ov_fountains_minmay,
          minmay_temple_entry_nine_rooms, first_ration, uniq_ijyb, uniq_duvessa,
          uniq_edmund

Skill      XL: |  1  2  3  4  5 |
---------------+----------------+-----
Maces & Flails | 4 5 6 7 |  7.7
Fighting       | |  3.6
Dodging        | |  2.4
Stealth        | |  1.5

Action                   |  1- 3 |  4- 6 || total
-------------------------+-------+-------++-------
Melee: Mace              |    88 |    95 ||   183
       Headbutt          |    11 |    17 ||    28
Invok: Trog's Hand       |       |     1 ||     1
  Use: Scroll            |     4 |     2 ||     6
       Potion            |     3 |     1 ||     4
  Eat: Chunk             |     2 |     5 ||     7
Armor: Scale mail        |    16 |       ||    16
       Chain mail        |    21 |    39 ||    60
Dodge: Dodged            |    51 |    19 ||    70
Block: Kite shield       |       |    23 ||    23
